 Dungeon Crawl Stone Soup version 0.24-b1-44-g37ad8b309f (webtiles) character file.

Game seed: 6676450010905916323, levelgen mode: deterministic

168 NoAnimeNoLife the Cudgeler (level 5, -3/41 HPs)
             Began as a Demonspawn Fighter on Oct 24, 2019.
             Slain by Crazy Yiuf
             ... wielding a +4 quarterstaff of chaos
              (15 damage)
             ... on level 2 of the Dungeon.
             The game lasted 00:09:50 (2667 turns).

NoAnimeNoLife the Cudgeler (Demonspawn Fighter)     Turns: 2667, Time: 00:09:51

Health: -3/41      AC: 12    Str: 18 (20) XL:     5   Next: 24%
Magic:  5/5        EV: 17    Int:  8 (9)  God:
Gold:   116        SH:  0    Dex: 10 (12) Spells: 4/4 levels left

rFire    . . .     SeeInvis .   (weapon currently unavailable)
rCold    . . .     Gourm    .   (shield currently unavailable)
rNeg     + + +     Faith    .   (armour currently unavailable)
rPois    +         Spirit   .   (helmet currently unavailable)
rElec    .         Reflect  .   (cloak currently unavailable)
rCorr    .         Harm     .   (gloves currently unavailable)
MR       .....                  (boots currently unavailable)
Stlth    +.........             (no amulet)
HPRegen  0.13/turn              (no ring)
MPRegen  0.09/turn              (no ring)

@: fungus-form (expiring)
A: tiny, strong 1
a: no special abilities


You were on level 2 of the Dungeon.
You were hungry.
You were a sentient fungus.
You visited 1 branch of the dungeon, and saw 2 of its levels.

You collected 116 gold pieces.

Inventory:

Hand Weapons
 a - a +0 flail (melded)
Missiles
 m - 3 javelins (quivered)
Armour
 b - a +0 scale mail
 c - a +0 shield (melded)
 p - +0 gold dragon scales (melded)
Jewellery
 i - an uncursed amulet of the acrobat {unknown}
Scrolls
 g - 2 scrolls of remove curse {unknown}
 h - a scroll of fear {unknown}
 j - a scroll of teleportation {unknown}
 k - a scroll of identify {unknown}
 l - a scroll of enchant weapon {unknown}
 o - a scroll of amnesia {unknown}
Potions
 e - a potion of mutation
Comestibles
 f - 3 rations


   Skills:
 - Level 3.0 Fighting
 + Level 5.0 Maces & Flails
 - Level 2.6 Armour
 - Level 2.6 Shields


You had 4 spell levels left.
You didn't know any spells.
Your spell library was empty.

Dungeon Overview and Level Annotations

Branches:
Dungeon (2/15)

Altars:

Annotations:
D:2 Crazy Yiuf


Innate Abilities, Weirdness & Mutations

((You have a pair of small antennae on your head.))
((You are mostly covered in large bone plates. (SH +6)))
((Your flesh is cold resistant. (rC+)))
Your muscles are strong. (Str +2)


Message History

Crazy Yiuf is nearby!
Crazy Yiuf is nearby!
You're too terrified to move while being watched!
Crazy Yiuf grits, "Castle!
Cards noodlescoop cloud."
You're too terrified to move while being watched!
Sorry, you're not good enough to have a special ability.
Okay, then.
It was a potion of degeneration.
There was something very wrong with that liquid.
You feel weakened.
You feel dopey.
You feel clumsy.
Okay, then.
There are no items here.
Crazy Yiuf misses you.
Crazy Yiuf hits you with a +4 quarterstaff of chaos!
* * * LOW HITPOINT WARNING * * *
Crazy Yiuf hits you but does no damage. Crazy Yiuf closely misses you.
Your transformation is almost over.
Crazy Yiuf hits you with a +4 quarterstaff of chaos!
You die...

####.###.#.# ##.###.#####g#####
#....# #÷#.# #(......g.........
#.#### #.#.# #.#######+#######.
#.# #.#.# #.# #.# #. #.# #(#.#
#.# #####.##### #. #.# #÷#.# #.#
#...'.'...# #. #.######.#.#####.#
#.###.###.# #. ................g#
#.# #.# #.# #.
#.###.####.#####f###'###.###'###)
#.#.....##(# #.'.............'.
....###.##.# #.###+###.###'###.
....# #.##.## #.# #.# #.# #.# #.
....###.#(..####.# #.###.###.# #.
###.......#......# #...).'...# #.
###.#<#...####.# #####.##### #.
#.#.##.).....# #.# #.
#.#.########.#######'#######.


You could see Crazy Yiuf.

Vanquished Creatures
  An ogre (D:1)
  4 adders (D:2)
  A worm (D:2)
  3 dart slugs
  3 leopard geckos
  A ball python (D:2)
  A goblin (D:2)
  5 hobgoblins
  6 jackals (D:2)
  3 bats
  3 frilled lizards
  4 kobolds
  5 rats
40 creatures vanquished.

Notes
Turn   | Place    | Note
-------+----------+-------------------------------------------
     0 | D:1      | NoAnimeNoLife the Demonspawn Fighter began the quest for
                  | the Orb.
     0 | D:1      | Reached XP level 1. HP: 18/18 MP: 1/1
    95 | D:1      | Reached skill level 2 in Maces & Flails
   302 | D:1      | Gained mutation: You are partially covered in large bone
                  | plates. (SH +4) [demonic ancestry]
   302 | D:1      | Reached XP level 2. HP: 20/24 MP: 2/2
   984 | D:2      | Reached skill level 3 in Maces & Flails
  1183 | D:2      | Gained mutation: You are mostly covered in large bone
                  | plates. (SH +6) [demonic ancestry]
  1183 | D:2      | Reached XP level 3. HP: 29/29 MP: 3/3
  1389 | D:2      | Noticed an ogre
  1849 | D:1      | Killed an ogre
  1849 | D:1      | Reached skill level 4 in Maces & Flails
  1849 | D:1      | Gained mutation: You have a pair of small antennae on your
                  | head. [demonic ancestry]
  1849 | D:1      | Reached XP level 4. HP: 15/35 MP: 4/4
  1849 | D:1      | Reached XP level 5. HP: 18/41 MP: 5/5
  2145 | D:2      | Reached skill level 5 in Maces & Flails
  2397 | D:2      | Found a runed translucent door.
  2398 | D:2      | Noticed Crazy Yiuf
  2576 | D:2      | Gained mutation: Your flesh is cold resistant. (rC+)
                  | [potion of mutation]
  2576 | D:2      | Gained mutation: Your muscles are strong. (Str +2) [potion
                  | of mutation]
  2667 | D:2      | Slain by Crazy Yiuf

Skill      XL: |  1  2  3  4  5 |
---------------+----------------+-----
Maces & Flails | 2 3 4 5 |  5.0
Fighting       | |  3.0
Armour         | |  2.6
Shields        | |  2.6

Action                   |  1- 3 |  4- 6 || total
-------------------------+-------+-------++-------
Melee: Flail             |   124 |    61 ||   185
       Unarmed           |       |    16 ||    16
Throw: Javelin           |     1 |     2 ||     3
  Use: Potion            |     1 |     2 ||     3
 Stab: Invisible         |       |     1 ||     1
  Eat: Chunk             |     2 |     3 ||     5
Armor: Scale mail        |    47 |       ||    47
       Gold dragon scale |       |    22 ||    22
       Skin              |       |     1 ||     1
Dodge: Dodged            |    30 |    11 ||    41
Block: Shield            |    85 |    43 ||   128
